 Dungeon Crawl Stone Soup version 0.31-a0-986-g5e6e4ef867 (webtiles) character file.

Game seed: 10302203851799217029

355 Coron the Ruffian (level 6, 0/61 HPs)
             Began as a Troll Delver on Nov 4, 2023.
             Slain by Pikel
             ... wielding a +2 whip of freezing
              (5 damage)
             ... on level 3 of the Dungeon.
             The game lasted 00:07:42 (1968 turns).

Coron the Ruffian (Troll Delver)                    Turns: 1968, Time: 00:07:42

Health: 0/61       AC:  5    Str: 23    XL:     6   Next: 36%
Magic:  5/5        EV:  7    Int:  6    God:
Gold:   140        SH: 12    Dex: 11    Spells: 5/5 levels left

rFire   . .          .
                       - Unarmed
rCold   . . .        i - +0 tower shield
rNeg    + . .        a - +0 robe
rPois   .            (helmet restricted)
rElec   .            v - +0 cloak
rCorr   .            (gloves unavailable)
SInv    .            (boots unavailable)
Will    .....        (no amulet)
Stlth   ++           t - ring of positive energy
HPRegen 1.10/turn    (no ring)
MPRegen 0.09/turn

%: no passive effects
@: no status effects
A: large, unfitting armour, claws 3, regeneration 1, shaggy fur 1, tough skin 1
a: no special abilities


You were on level 3 of the Dungeon.
You visited 1 branch of the dungeon, and saw 5 of its levels.

You collected 140 gold pieces.

Inventory:

Hand Weapons
 g - a +0 sling
Armour
 a - a +0 robe (worn)
 i - a +0 tower shield (worn)
 v - a +0 cloak (worn)
Jewellery
 t - a ring of positive energy (left claw)
Wands
 f - a wand of digging (3)
Scrolls
 b - 2 scrolls of fog
 c - 2 scrolls of revelation
 d - a scroll of fear
 l - a scroll of torment {unknown}
 m - a scroll of immolation {unknown}
 p - a scroll of amnesia {unknown}
 u - a scroll of vulnerability {unknown}
Potions
 e - a potion of haste
 h - a potion of might {unknown}
 k - a potion of curing {unknown}
 n - a potion of berserk rage {unknown}
 o - a potion of heal wounds
 q - a potion of brilliance {unknown}
 r - 2 potions of attraction
 s - a potion of degeneration {unknown}


   Skills:
 - Level 3.0 Fighting
 - Level 2.0 Dodging
 - Level 3.0 Stealth
 + Level 4.0 Shields
 - Level 4.0 Unarmed Combat


You had 5 spell levels left.
You didn't know any spells.
Your spell library contained the following spells:

 Spells                   Type           Power      Damage    Failure   Level
 Lesser Beckoning         Tloc           0%         N/A       99%         2
 Gell's Gravitas          Tloc           0%         N/A       100%        3
 Teleport Other           Tloc           0%         N/A       100%        3


Dungeon Overview and Level Annotations

Branches:
Dungeon (5/15)
 Temple: D:4-7

Altars:
Ashenzari
Yredelemnul
Zin

Shops:
D:5 (

Annotations:
D:3 Pikel


Innate Abilities, Weirdness & Mutations

You are too large for most types of armour.
You have claws for hands.
Your natural rate of healing is unusually fast.
You are covered in fur. (AC +1)
You have tough skin. (AC +1)


Message History

You closely miss Pikel.
Pikel is moderately wounded.
Pikel says, "You'll freeze in Cocytus!"
You block Pikel's attack.
You scratch Pikel but do no damage.
Pikel is moderately wounded.
Pikel hits you with a +2 whip of freezing!
Pikel freezes you. You block Pikel's attack.
You scratch Pikel.
Pikel is moderately wounded.
You block Pikel's attack.
You scratch Pikel but do no damage.
Pikel is moderately wounded.
You block Pikel's attack.
You claw Pikel!
Pikel is severely wounded.
Pikel hits you with a +2 whip of freezing!
Pikel freezes you.
You closely miss Pikel.
Pikel is severely wounded.
Pikel hits you with a +2 whip of freezing.
Pikel freezes you.
Pikel hits you with a +2 whip of freezing.
* * * LOW HITPOINT WARNING * * *
Pikel freezes you.
* * * LOW HITPOINT WARNING * * *
You completely miss Pikel.
Pikel is severely wounded.
Pikel barely misses you.
You claw Pikel!
Pikel is almost dead.
Pikel hits you with a +2 whip of freezing!
* * * LOW HITPOINT WARNING * * *
Pikel freezes you.
* * * LOW HITPOINT WARNING * * *
You barely miss Pikel.
Pikel is almost dead.
Pikel hits you with a +2 whip of freezing.
You die...
Pikel says, "See you in Hell!"

##### ####### #...# #.....#
#...# #.....# #...#
##.....##########...#
#....<..............#
###.###..#......###...#
#≈#'#~##.######.###...##
#_..._##..@.###........####
#######..##K).....#.......#
#........#####....#...###.#
####.....# ##....######.#
#.....# #...........#
#.....# ##....######..
###.....# #.......# ###
#....#### ######### ####
#....### #...


You could see Pikel.

Vanquished Creatures
  Sigmund (D:3)
  Crazy Yiuf (D:3)
  An iguana (D:2)
  Terence (D:2)
  4 adders
  2 dart slugs (D:3)
  2 orcs (D:3)
  12 ball pythons
  7 bats
  3 endoplasms
  4 giant cockroaches
  4 goblins
  11 hobgoblins
  11 jackals (D:1)
  3 quokkas
  3 frilled lizards
  A kobold (D:2)
  7 rats
78 creatures vanquished.

Notes
Turn   | Place    | Note
-------+----------+-------------------------------------------
     0 | D:5      | Coron the Troll Delver began the quest for the Orb.
     0 | D:5      | Reached XP level 1. HP: 22/22 MP: 0/0
    69 | D:4      | Reached XP level 2. HP: 29/29 MP: 1/1
   137 | D:3      | Found a broken altar of Ashenzari.
   137 | D:3      | Found a basalt altar of Yredelemnul.
   155 | D:2      | Noticed Terence
   160 | D:2      | Reached XP level 3. HP: 36/36 MP: 2/2
   169 | D:2      | Killed Terence
   175 | D:2      | Reached XP level 4. HP: 28/45 MP: 3/3
  1166 | D:2      | Reached skill level 1 in Shields
  1166 | D:2      | Reached XP level 5. HP: 53/53 MP: 4/4
  1329 | D:2      | Found a faded altar of an unknown god.
  1500 | D:3      | Found a glowing silver altar of Zin.
  1623 | D:3      | Noticed Sigmund
  1637 | D:3      | Killed Sigmund
  1638 | D:3      | Reached XP level 6. HP: 56/61 MP: 5/5
  1797 | D:3      | Found a runed translucent door.
  1798 | D:3      | Noticed Crazy Yiuf
  1806 | D:3      | Killed Crazy Yiuf
  1934 | D:4      | Noticed Pikel
  1967 | D:3      | HP: 3/61 [Pikel/+2 whip of freezing (1)]
  1968 | D:3      | Slain by Pikel

Illustrated notes

Levels and vault maps discovered:
D:1:      heliophobic_arrival_battle_scene, layout_basic
D:2:      layout_rooms, shapermc_ecumenical_altar_flowoftime, uniq_terence
D:3:      layout_rooms, gammafunk_temple_overflow_elements, zin_academy,
          bh_walls_and_bars, uniq_crazy_yiuf_cottage, uniq_sigmund
D:4:      layout_cave_pools, fedhas_altar_4, hangedman_decor_growths,
          uniq_pikel, uniq_edmund
D:5:      layout_loops_cross, temple_green, nicolae_stop_n_shop_2

Skill      XL: |  1  2  3  4  5  6 |
---------------+-------------------+-----
Dodging        | 2 |  2.0
Stealth        | 3 |  3.0
Fighting       | 3 |  3.0
Unarmed Combat | 3 4 |  4.0
Shields        | 1 3 4 |  4.0

Action                     |  1- 3 |  4- 6 || total
---------------------------+-------+-------++-------
  Melee: Unarmed           |    43 |   170 ||   213
         Punch             |     1 |       ||     1
    Use: Scroll            |       |     2 ||     2
         Potion            |       |     1 ||     1
   Stab: Sleeping          |     1 |     3 ||     4
         Distracted        |       |     1 ||     1
 Armour: Robe              |    20 |   143 ||   163
  Dodge: Dodged            |    21 |    60 ||    81
  Block: Tower shield      |       |   102 ||   102

Table legend: (Time is in decaauts)
 A = Elapsed time spent in this place.
 B = Non-inter-level travel time spent in this place.
 C = Inter-level travel time spent in this place.
 D = Time resting spent in this place.
 E = Time spent auto-exploring this place.
 F = Levels seen in this place.
 G = Mean time per level.
                   A        B        C        D        E       F      G
               +--------+--------+--------+--------+--------+-----+--------+
         Total |   2003 |   1923 |     80 |      0 |   1099 |   5 |  400.6 |
       Dungeon |   2003 |   1923 |     80 |      0 |   1099 |   5 |  400.6 |
               +--------+--------+--------+--------+--------+-----+--------+

Top non-repeatable levels by time:
     D:1: 841 daAuts
     D:3: 588 daAuts
     D:2: 458 daAuts
     D:4: 109 daAuts
     D:5: 6 daAuts
